 Dungeon Crawl Stone Soup version 0.23.1 (webtiles) character file.

Game seed: 334785649508169475

108 Gargoyl the Skirmisher (level 4, -2/38 HPs)
             Began as a Centaur Abyssal Knight on Mar 17, 2019.
             Was a Follower of Lugonu.
             Slain by a scorpion (7 damage)
             ... on level 4 of the Dungeon.
             The game lasted 00:04:21 (3102 turns).

Gargoyl the Skirmisher (Centaur Abyssal Knight)     Turns: 3102, Time: 00:04:22

Health: -2/38      AC:  7    Str: 14    XL:     4   Next: 58%
Magic:  6/6        EV:  4    Int: 11    God:    Lugonu [*.....]
Gold:   216        SH:  0    Dex: 10    Spells: 3/3 levels left

rFire    . . .     SeeInvis .   a - +1 hand axe
rCold    . . .     Gourm    .   (no shield)
rNeg     . . .     Faith    .   m - +0 chain mail
rPois    +         Spirit   .   (no helmet)
rElec    .         Reflect  .   (no cloak)
rCorr    .         Harm     .   (no gloves)
MR       .....                  (no barding)
Stlth    ..........             (no amulet)
HPRegen  0.12/turn              l - ring of poison resistance
MPRegen  0.10/turn              (no ring)

@: very quick
A: large, hooves 3, deformed body, speed 2, tough skin 3
a: Depart the Abyss, Renounce Religion


You were on level 4 of the Dungeon.
You worshipped Lugonu.
Lugonu was aware of your devotion.
You were not hungry.

You visited 1 branch of the dungeon, and saw 4 of its levels.
You visited the Abyss 1 time.

You collected 216 gold pieces.

Inventory:

Hand Weapons
 a - a +1 hand axe (weapon)
Armour
 m - a +0 chain mail (worn)
Jewellery
 l - a ring of poison resistance (left hand)
Wands
 d - a wand of flame (16)
Scrolls
 e - 5 scrolls of teleportation
 h - 4 scrolls of remove curse
 n - a scroll of magic mapping
Potions
 b - a potion of ambrosia
 f - a potion of agility
 g - a potion of resistance
 i - a potion of curing {unknown}
 j - a potion of might {unknown}
 k - a potion of degeneration {unknown}
 o - a potion of flight {unknown}
 r - a potion of heal wounds
 s - a potion of haste {unknown}
Comestibles
 c - 5 rations


   Skills:
 + Level 3.5 Fighting
 + Level 2.2 Axes
 * Level 2.6 Armour
 * Level 1.2 Dodging
 * Level 2.6 Invocations


You had 3 spell levels left.
You didn't know any spells.
Your spell library was empty.

Dungeon Overview and Level Annotations

Branches:
Dungeon (4/15)
 Temple: D:4-7

Altars:
Ashenzari
Dithmenos
Qazlal
Ru
Trog
Uskayaw
Vehumet
Wu Jian
Zin
The Shining One


Innate Abilities, Weirdness & Mutations

You have hooves in place of feet.
Armour fits poorly on your strangely shaped body.
You cover ground very quickly.
You have extremely tough skin. (AC +3)


Message History

The scorpion is heavily wounded.
You barely miss the orc. You hit the orc but do no damage.
The orc hits you but does no damage.
The scorpion stings you but does no damage.
The orc hits you but does no damage.
Unknown command.
Unknown command.
Your chain mail prevents you from hitting the scorpion.
The scorpion is heavily wounded.
You completely miss the orc. You closely miss the orc.
The howler monkey hoots and howls with incredible vigour!
The orc hits you with a +0 hand axe.
* * * LOW HITPOINT WARNING * * *
The scorpion barely misses you. The orc hits you with a +0 long sword.
* * * LOW HITPOINT WARNING * * *
You closely miss the scorpion. You kick the scorpion.
The scorpion is heavily wounded.
You hit the orc. You hit the orc but do no damage.
The orc hits you but does no damage. The scorpion stings you!
You die...

#......#.........#
#......#..........
#......'.........#
##'#...#.........#
#####'#####..........
#.......# #.........##
#.......####.###.....#
#).<....+...oo.......##
#.......##.#@#.........
#.......##.#s#o#.......
##.........oh..........
#....####.#....)##.#
#...............#
#.....###.#.....#
#.........#........
#.........#.....##..
#.........#.#..... ..


You could see a scorpion, a howler monkey and 3 orcs.

Vanquished Creatures
  Ijyb (D:3)
  4 adders
  An adder zombie (D:3)
  A dart slug (D:1)
  2 orcs
  4 giant cockroaches
  5 goblins
  2 hobgoblins
  3 jackals (D:2)
  5 bats
  5 frilled lizards
  2 kobolds (D:1)
  A quokka skeleton (D:4)
  7 rats
43 creatures vanquished.

Notes
Turn   | Place    | Note
-------+----------+-------------------------------------------
     0 | Abyss:1  | Gargoyl the Centaur Abyssal Knight began the quest for the
                  | Orb.
     0 | Abyss:1  | Reached XP level 1. HP: 19/19 MP: 2/2
     1 | Abyss:1  | Found a snail-covered altar of Cheibriados.
   123 | Abyss:1  | Found a burning altar of Makhleb.
   124 | Abyss:1  | Noticed a small abomination
   124 | Abyss:1  | Noticed a ynoxinul
   137 | Abyss:1  | Noticed an ancient zyme
   137 | Abyss:1  | Noticed an ancient zyme
   139 | Abyss:1  | Noticed a sun demon
   143 | D:1      | Escaped the Abyss
   416 | D:1      | Reached XP level 2. HP: 21/26 MP: 3/3
   547 | D:1      | Reached * piety under Lugonu
  1035 | D:2      | Noticed a sky beast
  1058 | D:1      | Reached XP level 3. HP: 18/31 MP: 4/4
  1362 | D:3      | Found a radiant altar of Vehumet.
  1362 | D:3      | Found a hide-covered altar of Uskayaw.
  1362 | D:3      | Found a glowing silver altar of Zin.
  1362 | D:3      | Found a glowing golden altar of the Shining One.
  1362 | D:3      | Found a sacrificial altar of Ru.
  1363 | D:3      | Found a shattered altar of Ashenzari.
  1364 | D:3      | Noticed Ijyb
  1419 | D:3      | Killed Ijyb
  1419 | D:3      | Reached skill level 1 in Dodging
  1630 | D:2      | Found a stormy altar of Qazlal.
  1651 | D:2      | Found a bloodstained altar of Trog.
  1693 | D:2      | Reached XP level 4. HP: 24/38 MP: 5/5
  1916 | D:2      | Found an ornate altar of the Wu Jian Council.
  1932 | D:2      | Found a shadowy altar of Dithmenos.
  2610 | D:3      | Found a faded altar of an unknown god.
  3102 | D:4      | Slain by a scorpion

Skill      XL: |  1  2  3 |
---------------+----------+-----
Armour         | 2 |  2.6
Axes           | 2 |  2.2
Dodging        | 1 |  1.2
Fighting       | |  3.5
Invocations    | |  2.6

Action                   |  1- 3 |  4- 6 || total
-------------------------+-------+-------++-------
Melee: Hand axe          |   112 |    57 ||   169
       Kick              |    21 |    13 ||    34
Invok: Depart the Abyss  |     1 |       ||     1
  Use: Potion            |     5 |       ||     5
       Scroll            |     2 |     2 ||     4
  Eat: Chunk             |     2 |     3 ||     5
Armor: Leather armour    |    17 |       ||    17
       Chain mail        |    76 |    48 ||   124
Dodge: Dodged            |    61 |    16 ||    77
